[Event "Team 45 45 League T67"]
[Site "Internet Chess Club"]
[Date "2016.01.16"]
[Round "6"]
[White "rusano"]
[Black "MetaGod"]
[Result "1-0"]
[WhiteElo "1758"]
[BlackElo "1670"]
[Opening "Richter-Veresov attack, Richter variation"]
[ECO "A45"]
[Time "09:05:31"]
[TimeControl "2700+45"]

1. d4 Nf6 2. Bg5 Ne4 3. Bf4 d5 4. f3 Nf6 5. Nc3 Bf5 6. Bg5 e6 7. e4 dxe4 8. fxe4
Bg4 9. Bxf6 Qxf6 10. Qxg4 Qxd4 11. Rd1 Qf6 12. Nf3 Nc6 13. Bb5 Bc5 14. e5 Qg6
15. Qxg6 hxg6 16. Ne4 Bb6 17. Bxc6+ bxc6 18. Nd4 Rh4 19. Nxc6 Rxe4+ 20. Kd2 Kd7
21. Nb4 Rxb4 22. Kc3+ Rd4 23. Rxd4+ Bxd4+ 24. Kxd4 c5+ 25. Kc4 Rh8 26. h3 Rh5
27. Rf1 Ke7 28. Re1 Rf5 29. Re2 g5 30. Kb5 Rf4 31. b3 g4 32. hxg4 c4 33. Ka6
Rxg4 34. Kxa7 Rd4 35. Kb6 c3 36. Re3 Rd5 37. a4 f6 38. exf6+ gxf6 39. Rxc3 e5
40. Rd3 Rd6+ 41. Kb5 e4 42. Re3 f5 43. g4 Rd5+ 44. Kc4 f4 45. Rxe4+ {Black
resigns} 1-0

[Event "Team 45 45 League T67"]
[Site "Internet Chess Club"]
[Date "2016.01.16"]
[Round "6"]
[White "watkins"]
[Black "SilentKnight"]
[Result "0-1"]
[WhiteElo "1634"]
[BlackElo "1716"]
[Opening "Four knights: Italian variation"]
[ECO "C55"]
[Time "12:10:06"]
[TimeControl "2700+45"]

1. e4 e5 2. Nf3 Nc6 3. Bc4 Nf6 4. Nc3 Nxe4 5. Bxf7+ Kxf7 6. Nxe4 d5 7. Nc3 e4 8.
Ng1 h5 9. d3 Bg4 10. Nge2 Bb4 11. Bd2 Nd4 12. dxe4 dxe4 13. Nxe4 Bxe2 14. Qc1
Bxd2+ 15. Qxd2 Bg4 16. Qf4+ Kg8 17. Ng5 Nxc2+ 18. Kf1 Qd3+ 19. Kg1 Qf5 20. Qc4+
Kf8 21. Ne6+ Qxe6 22. Qxc2 Rd8 23. Qxc7 Qd7 24. Qf4+ Kg8 25. Re1 Qd1 26. Qc4+
Kh7 27. Qe4+ Kh6 28. Qf4+ Kg6 29. Qe4+ Bf5 30. Qe3 Qd4 31. Qg3+ Qg4 32. Qb3 Rhe8
33. Rc1 Rd3 34. Qc2 Re2 35. Qc5 Be4 36. g3 Qh3 37. Qd6+ Rxd6 {White resigns} 0-1

[Event "Team 45 45 League T67"]
[Site "Internet Chess Club"]
[Date "2016.01.15"]
[Round "6"]
[White "SlimeDog2"]
[Black "achessman"]
[Result "0-1"]
[WhiteElo "1995"]
[BlackElo "1908"]
[Opening "QGD semi-Slav: 5...Nd7"]
[ECO "D45"]
[Time "22:15:42"]
[TimeControl "2700+45"]

1. d4 d5 2. c4 e6 3. Nf3 c6 4. e3 Nd7 5. Nc3 Ngf6 6. b3 Bb4 7. Bd2 Qe7 8. Qc2
O-O 9. Bd3 e5 10. dxe5 Nxe5 11. Nxe5 Qxe5 12. O-O Bd6 13. f4 Qh5 14. cxd5 cxd5
15. h3 Bxh3 16. gxh3 Qxh3 17. Rf2 Rac8 18. Rh2 Qg3+ 19. Rg2 Qh4 20. Qb2 g6 21.
Nb5 Bc5 22. Nd4 Nh5 23. Nf5 Qf6 24. Bc3 Bxe3+ 25. Nxe3 Rxc3 26. Nxd5 Qd4+ 27.
Kh1 Rxd3 28. Ne7+ Kh8 29. f5 Rh3+ {White resigns} 0-1

[Event "Team 45 45 League T67"]
[Site "Internet Chess Club"]
[Date "2016.01.17"]
[Round "6"]
[White "Innes"]
[Black "Frankly"]
[Result "0-1"]
[WhiteElo "1541"]
[BlackElo "1732"]
[Opening "Danish gambit"]
[ECO "C21"]
[Time "15:01:28"]
[TimeControl "2700+45"]

1. e4 e5 2. d4 exd4 3. c3 dxc3 4. Bc4 Nf6 5. e5 d5 6. exf6 dxc4 7. Qe2+ Be6 8.
Nf3 Qxf6 9. Bg5 Qg6 10. Nxc3 Bb4 11. O-O-O O-O 12. h4 Nc6 13. g4 Bxg4 14. Rdg1
Bxf3 15. Qxf3 Ne5 16. Qe4 Bxc3 17. Qxg6 Bxb2+ 18. Kxb2 fxg6 19. f4 Nd3+ 20. Kc3
h6 21. Kxc4 Nxf4 22. Bxf4 Rxf4+ 23. Kb3 Kh7 24. Rd1 Rf7 25. Rhe1 Raf8 26. Re4 b6
27. Rc4 a5 28. Rc6 Rf3+ 29. Kb2 R8f7 30. Rdc1 Rf2+ 31. Kb1 Rf1 32. Rxf1 Rxf1+
33. Kb2 Rf4 34. Rxc7 Rxh4 35. Rb7 Rb4+ 36. Kc3 h5 37. a3 Rb5 38. a4 Rb4 39. Rf7
Rxa4 40. Kb3 Rb4+ 41. Kc3 h4 42. Rf2 g5 43. Rf5 Kh6 44. Rf2 h3 45. Rd2 Rh4 46.
Rd6+ Kh5 47. Rxb6 h2 {White resigns} 0-1

[Event "Team 45 45 League T67"]
[Site "Internet Chess Club"]
[Date "2016.01.15"]
[Round "6"]
[White "QuieroAprender"]
[Black "Mitochondria"]
[Result "1-0"]
[WhiteElo "1658"]
[BlackElo "1495"]
[Opening "French: Wing gambit"]
[ECO "C00"]
[Time "20:04:18"]
[TimeControl "2700+45"]

1. e4 e6 2. Nf3 d5 3. e5 c5 4. b4 Qb6 5. bxc5 Bxc5 6. d4 Be7 7. c4 Bb4+ 8. Bd2
Ne7 9. Nc3 O-O 10. Rb1 Qa5 11. Rxb4 Qxb4 12. Nxd5 Qa3 13. Bb4 Qb2 14. Nxe7+ Kh8
15. Ng6+ hxg6 16. Bxf8 Nd7 17. Bd6 b6 18. Bd3 Qc3+ 19. Qd2 Qa1+ 20. Qd1 Qc3+ 21.
Ke2 Bb7 22. Qd2 Bxf3+ 23. Kxf3 Qxd4 24. Qe3 Qh4 25. g3 Qh5+ 26. Kg2 Rc8 27. Qf3
Qg5 28. Qb7 Qd8 29. Re1 Nc5 30. Bxc5 Rxc5 31. Re4 Rc7 32. Rh4+ Kg8 33. Qe4 Rd7
34. Bc2 Qc8 35. Qg4 Qe8 36. Qh3 Qa8+ 37. Be4 {Black resigns} 1-0

[Event "Team 45 45 League T67"]
[Site "Internet Chess Club"]
[Date "2016.01.17"]
[Round "6"]
[White "Zyme"]
[Black "drsigmund1"]
[Result "1-0"]
[WhiteElo "1429"]
[BlackElo "1489"]
[Opening "Queen's pawn: Keres defense"]
[ECO "A40"]
[Time "08:00:56"]
[TimeControl "2700+45"]

1. d4 e6 2. c4 b6 3. Nc3 Bb7 4. Nf3 Bb4 5. Bd2 f5 6. a3 Bd6 7. e3 Nf6 8. Bd3 Ne4
9. O-O O-O 10. Nb5 Be7 11. Qc2 Ng5 12. Nxg5 Bxg5 13. Rac1 Qf6 14. Nxc7 Qg6 15.
f3 Qh5 16. Nxa8 Bxa8 17. c5 Rf6 18. cxb6 Nc6 19. d5 exd5 20. bxa7 Qh6 21. f4 Bh4
22. g3 Rg6 23. Kf2 Bxg3+ 24. hxg3 Qh2+ 25. Ke1 Qxg3+ 26. Kd1 d4 27. Bc4+ Kh8 28.
Qxf5 Rf6 29. Qxd7 Rf8 30. Re1 dxe3 31. Rxe3 Qg1+ 32. Kc2 Qg6+ 33. Bd3 Qg2 {Black
resigns} 1-0

[Event "Team 45 45 League T67"]
[Site "Internet Chess Club"]
[Date "2016.01.15"]
[Round "6"]
[White "Leon13"]
[Black "AlPearson"]
[Result "1-0"]
[WhiteElo "1392"]
[BlackElo "1414"]
[Opening "Petrov three knights game"]
[ECO "C42"]
[Time "11:11:12"]
[TimeControl "2700+45"]

1. e4 e5 2. Nf3 Nf6 3. Nc3 Bc5 4. Bc4 O-O 5. h3 c6 6. a3 d5 7. exd5 e4 8. Ng5
Nxd5 9. d3 exd3 10. O-O Nxc3 11. bxc3 dxc2 12. Qxc2 Bb6 13. Qxh7# {Black
checkmated} 1-0

[Event "Team 45 45 League T67"]
[Site "Internet Chess Club"]
[Date "2016.01.15"]
[Round "6"]
[White "chuckh2"]
[Black "olivermx"]
[Result "1-0"]
[WhiteElo "1427"]
[BlackElo "1340"]
[Opening "Queen's pawn, Mason variation, Steinitz counter-gambit"]
[ECO "D00"]
[Time "17:30:17"]
[TimeControl "2700+45"]

1. d4 d5 2. Bf4 c5 3. e3 cxd4 4. exd4 Nf6 5. c3 Bf5 6. Nd2 e6 7. Ngf3 Be7 8.
Qa4+ Nc6 9. Bb5 O-O 10. Bxc6 bxc6 11. Qxc6 Qb6 12. Qxb6 axb6 13. O-O b5 14. Rfe1
Rac8 15. Rac1 Rfd8 16. b4 Bd6 17. Bxd6 Rxd6 18. h3 h6 19. Ne5 Ra6 20. g4 Bh7 21.
f3 Rxa2 22. Nb3 Bc2 23. Nc5 Bh7 24. Rf1 Ne8 25. Ra1 Rc2 26. Ra3 Nd6 27. Rfa1 Kf8
28. Ra8 Rxa8 29. Rxa8+ Ke7 30. Ra7+ Ke8 31. Rd7 Nc4 32. Rxf7 Rxc3 33. Rxg7 Rc1+
34. Kg2 Nxe5 35. Rxh7 Nc6 36. Rxh6 Nxb4 37. Rxe6+ Kf7 38. Rb6 Nc2 39. Rxb5 Nxd4
40. Rb7+ Kf6 41. Nd3 Rc3 42. Ne1 Re3 43. Kf2 Re2+ 44. Kf1 Re3 45. Rb8 Kg5 46.
Rg8+ Kh4 47. Ng2+ {Black resigns} 1-0

[Event "Team 45 45 League T67"]
[Site "Internet Chess Club"]
[Date "2016.01.24"]
[Round "6"]
[White "Bizzy-Ketty"]
[Black "houseofcook"]
[Result "1/2-1/2"]
[WhiteElo "1659"]
[BlackElo "1395"]
[Opening "French: Tarrasch, closed variation"]
[ECO "C05"]
[Time "10:00:07"]
[TimeControl "2700+45"]

1. e4 e6 2. d4 d5 3. Nd2 Nf6 4. Bd3 dxe4 5. Nxe4 Nxe4 6. Bxe4 Nd7 7. Nf3 Nf6 8.
Bd3 Be7 9. O-O O-O 10. Bf4 b6 11. c3 Bb7 12. Bc2 c5 13. dxc5 Bxc5 14. Qxd8 Rfxd8
15. Rad1 Bxf3 16. gxf3 Rac8 17. Rxd8+ Rxd8 18. Rd1 Rxd1+ 19. Bxd1 Nd5 20. Bb8 a5
21. a3 g6 22. c4 Nf6 23. Be5 Nd7 24. Bc3 Kf8 25. Ba4 Ke7 26. b4 axb4 27. axb4
Bd6 28. Kg2 Be5 29. Bd2 Bd6 30. Bxd7 Kxd7 31. h4 h5 32. Bc3 Kc7 33. b5 Kb7 34.
Bf6 Kc7 35. Kf1 Kd7 36. Ke2 Be7 37. Bxe7 Kxe7 38. Ke3 Kd6 39. f4 Kc5 40. Kd3 f6
41. Kc3 e5 42. fxe5 fxe5 43. f3 Kd6 44. Kd3 Kc5 45. Kc3 Kd6 {Game drawn by
mutual agreement} 1/2-1/2

[Event "Team 45 45 League T67"]
[Site "Internet Chess Club"]
[Date "2016.01.18"]
[Round "6"]
[White "DineshB"]
[Black "smsxman"]
[Result "1-0"]
[WhiteElo "1286"]
[BlackElo "1430"]
[Opening "Hungarian defense"]
[ECO "C50"]
[Time "10:06:19"]
[TimeControl "2700+45"]

1. e4 e5 2. Nf3 Nc6 3. Bc4 Be7 4. Nc3 Nf6 5. O-O O-O 6. d3 a6 7. Bd2 b5 8. Bb3
b4 9. Nd5 a5 10. a3 Bb7 11. axb4 axb4 12. Rxa8 Bxa8 13. Qe1 Nd4 14. Nxe7+ Qxe7
15. Nxd4 exd4 16. Bxb4 c5 17. Bd2 d6 18. f3 Re8 19. Qg3 d5 20. Bg5 h6 21. Bxh6
Nh5 22. Qg4 g6 23. Bd2 Qc7 24. Ra1 c4 25. Ba4 Rb8 26. exd5 Bxd5 27. Qxd4 Rd8 28.
Bc3 f6 29. Bb5 Bxf3 30. Qxc4+ Qxc4 31. Bxc4+ Bd5 32. Ra8 Rxa8 33. Bxd5+ Kg7 34.
Bxa8 Nf4 35. Bf3 g5 36. g3 Ne6 37. Kf2 Nc5 38. Bd5 Na4 39. Ke3 Kg6 40. Bd4 Kf5
41. b3 {Black resigns} 1-0

[Event "Team 45 45 League T67"]
[Site "Internet Chess Club"]
[Date "2016.01.24"]
[Round "6"]
[White "sdcohle"]
[Black "chessmaster5132"]
[Result "0-1"]
[WhiteElo "1460"]
[BlackElo "1254"]
[Opening "Queen's pawn game, Chigorin variation"]
[ECO "D02"]
[Time "16:00:15"]
[TimeControl "2700+45"]

1. d4 d5 2. Nf3 Nc6 3. c4 Nf6 4. e3 e6 5. Nc3 Bb4 6. Bd2 O-O 7. Bd3 Qe7 8. O-O
e5 9. dxe5 Nxe5 10. Nxe5 Qxe5 11. a3 Bd6 12. f4 Qe6 13. Nb5 dxc4 14. Be2 a6 15.
Nxd6 cxd6 16. Bb4 Qxe3+ 17. Kh1 d5 18. Bxf8 Kxf8 19. Rf3 Qe4 20. Rc1 Bg4 21. Re3
Qxe3 22. Bxg4 Nxg4 23. Qe1 Nf2+ 24. Kg1 Qxe1+ 25. Rxe1 Nd3 26. Rd1 Rd8 27. Rd2
Nxf4 28. g3 Ne6 29. Kf2 b5 30. h3 Nc7 31. Rc2 Re8 32. Rd2 h5 33. h4 f6 34. Kf3
Re4 35. Rxd5 Nxd5 36. Kxe4 Ne7 37. Kf4 f5 38. Ke5 Kf7 39. Kf4 Nd5+ 40. Kf3 Nb6
41. Ke3 Na4 42. Kd2 Nxb2 43. Kc3 Na4+ 44. Kc2 c3 45. Kb3 Kf6 46. Kc2 g5 47.
hxg5+ Kxg5 48. Kb3 Kg4 49. Kc2 Kxg3 50. Kb3 f4 51. Kc2 f3 52. Kd1 f2 53. Kc2
f1=Q 54. Kb3 Qb1# {White checkmated} 0-1

[Event "Team 45 45 League T67"]
[Site "Internet Chess Club"]
[Date "2016.01.14"]
[Round "6"]
[White "unclevinny"]
[Black "giantwood"]
[Result "1-0"]
[WhiteElo "1597"]
[BlackElo "1407"]
[Opening "Sicilian: dragon, 6.Be3"]
[ECO "B72"]
[Time "20:00:19"]
[TimeControl "2700+45"]

1. e4 c5 2. Nf3 d6 3. d4 cxd4 4. Nxd4 Nf6 5. Nc3 g6 6. Be3 Bg7 7. Bd3 O-O 8. O-O
Ng4 9. Nce2 Nxe3 10. fxe3 Bd7 11. c3 Nc6 12. Qb3 Rb8 13. Nxc6 bxc6 14. Qc2 Qb6
15. Rab1 Qxe3+ 16. Kh1 Qh6 17. Rf2 Be5 18. g3 Bg4 19. Qc1 Bxe2 20. Qxh6 Bxd3 21.
Re1 Rb5 22. Qe3 Bc4 23. Qxa7 c5 24. a4 Rb3 25. Qxe7 f6 26. Ra1 Rbb8 27. Qc7 Rbc8
28. Qd7 Rfe8 29. a5 Be6 30. Qb5 c4 31. a6 Ra8 32. a7 Red8 33. Rff1 d5 34. exd5
Bxd5+ 35. Kg1 f5 36. Rfd1 Be4 37. Rxd8+ Rxd8 38. Qxe5 Ra8 39. Qe6+ Kg7 40. Qxc4
Kf6 41. b4 Ke5 42. Ra5+ Kf6 43. Qd4+ Kf7 44. b5 {Black resigns} 1-0

[Event "Team 45 45 League T67"]
[Site "Internet Chess Club"]
[Date "2016.01.18"]
[Round "6"]
[White "EFXBT"]
[Black "KidRattler"]
[Result "0-1"]
[WhiteElo "1492"]
[BlackElo "1635"]
[Opening "Budapest: Adler variation"]
[ECO "A52"]
[Time "19:00:00"]
[TimeControl "2700+45"]

1. d4 Nf6 2. c4 e5 3. dxe5 Ng4 4. Nf3 Nc6 5. Be3 Nxe3 6. fxe3 Bc5 7. Nc3 Bxe3 8.
Qd3 Nb4 9. Qe4 Bh6 10. a3 Na6 11. g3 Nc5 12. Qc2 Qe7 13. Bg2 c6 14. Kf1 b6 15.
Kf2 f6 16. exf6 Qe3+ 17. Ke1 gxf6 18. Nd1 Qe7 19. Nf2 d5 20. cxd5 Ba6 21. Rd1
Rd8 22. dxc6 Kf8 23. Ng4 Rxd1+ 24. Qxd1 Bc1 25. b4 Nd3+ 26. Kf1 Nb2 27. Qc2 Kg7
28. Nd4 Bc8 29. Qxc1 Bxg4 30. Qxb2 Rd8 31. c7 Qxc7 32. Bf3 Qe5 33. Bxg4 Rxd4 34.
Qb3 Rxg4 35. Qf3 Re4 36. Kf2 Qd4+ 37. Kg2 Re3 38. Qf2 Qe4+ 39. Kg1 Rxe2 40. Qf4
Qg2# {White checkmated} 0-1

[Event "Team 45 45 League T67"]
[Site "Internet Chess Club"]
[Date "2016.01.13"]
[Round "6"]
[White "Just-Jim"]
[Black "karthikkallam"]
[Result "0-1"]
[WhiteElo "1333"]
[BlackElo "1410"]
[Opening "Queen's pawn game"]
[ECO "D00"]
[Time "18:00:19"]
[TimeControl "2700+45"]

1. d4 d5 2. e3 Bf5 3. Bd3 Bxd3 4. Qxd3 Nf6 5. Nf3 e6 6. O-O Nc6 7. c3 Bd6 8.
Nfd2 O-O 9. f4 Ne7 10. Nf3 Nf5 11. Bd2 c5 12. Ne5 c4 13. Qe2 Qb6 14. Be1 Rfd8
15. g4 Ne7 16. g5 Bxe5 17. fxe5 Ne4 18. Na3 Nf5 19. Rb1 Qc7 20. Nb5 Qe7 21. Rf4
Qxg5+ 22. Rg4 Qxe3+ 23. Qxe3 Nxe3 24. Rf4 Nf5 25. h4 a6 26. Nd6 Nexd6 27. exd6
Nxd6 28. Bf2 Ne4 29. Be3 f5 30. Rf3 Rf8 31. Rc1 b5 32. h5 a5 33. Rh3 b4 34. cxb4
axb4 35. Ra1 b3 36. a3 h6 37. Rh4 Ra6 38. Rh2 Rfa8 39. Rg2 Kf7 40. Rf1 c3 41.
Bc1 cxb2 42. Bxb2 Rc6 43. Rg6 Rc2 44. Bc1 b2 45. Bxh6 gxh6 46. Rxh6 Rc1 47. Rh7+
Kg8 48. Rb7 Rxf1+ 49. Kxf1 Nd2+ 50. Ke2 b1=Q 51. Rxb1 Nxb1 52. Ke3 Rxa3+ 53. Kf4
Nd2 54. Kg5 Rg3+ 55. Kf6 f4 56. Kxe6 f3 57. Kxd5 f2 58. Ke6 f1=Q 59. d5 Re3+ 60.
Kd6 Qf6+ 61. Kc5 Ne4+ 62. Kb5 Rb3+ 63. Kc4 Qc3# {White checkmated} 0-1

[Event "Team 45 45 League T67"]
[Site "Internet Chess Club"]
[Date "2016.01.16"]
[Round "6"]
[White "Striker3000"]
[Black "rookfish"]
[Result "1-0"]
[WhiteElo "1497"]
[BlackElo "1317"]
[Opening "Giuoco Piano"]
[ECO "C54"]
[Time "21:30:55"]
[TimeControl "2700+45"]

1. e4 e5 2. Nf3 Nc6 3. Bc4 Bc5 4. c3 Nf6 5. d4 exd4 6. cxd4 Bb4+ 7. Bd2 O-O 8.
Bxb4 Nxb4 9. e5 Re8 10. Qb3 Qe7 11. O-O c5 12. exf6 Qxf6 13. a3 Nc6 14. d5 Na5
15. Qa2 d6 16. Nc3 Bg4 17. Nd2 h6 18. Nde4 Qd4 19. Bb5 Rxe4 20. Nxe4 Qxe4 21. b4
cxb4 22. axb4 a6 23. Qxa5 axb5 24. Qxa8+ Kh7 25. Qa7 Qxb4 26. Qxb7 Be2 27. Rfb1
Qg4 28. h3 Qg5 29. Qxf7 Bh5 30. Qf8 Bg6 31. Qf3 Bxb1 32. Rxb1 Qg6 33. Rxb5 Qc2
34. Rb7 Qc1+ 35. Kh2 Qg5 36. Qg3 Qf6 37. Rb6 g5 38. Rxd6 Qf5 39. Qf3 Qe5+ 40.
Qg3 Qf5 41. Rd8 Kg6 42. Qd6+ Kh5 43. g4+ {Black resigns} 1-0

[Event "Team 45 45 League T67"]
[Site "Internet Chess Club"]
[Date "2016.01.17"]
[Round "6"]
[White "Heian"]
[Black "LazyPeon"]
[Result "1/2-1/2"]
[WhiteElo "1677"]
[BlackElo "1766"]
[Opening "French: advance, Euwe variation"]
[ECO "B40"]
[Time "17:08:36"]
[TimeControl "2700+45"]

1. e4 c5 2. Nf3 e6 3. c3 Nc6 4. d4 d5 5. e5 Bd7 6. Bd3 cxd4 7. cxd4 Qb6 8. Be2
Nge7 9. Nc3 Nf5 10. Na4 Qa5+ 11. Bd2 Bb4 12. Bc3 Ncxd4 13. Nxd4 Bxa4 14. Qxa4+
Qxa4 15. Bb5+ Qxb5 16. Nxb5 Bxc3+ 17. bxc3 Kd7 18. Nd4 Nxd4 19. cxd4 Rhc8 20.
Kd2 Rc4 21. Ke3 Rac8 22. Rhd1 b5 23. Rab1 b4 24. Rb3 a5 25. Rdb1 Rc3+ 26. Rxc3
Rxc3+ 27. Kd2 Rc4 28. Kd3 Rc3+ 29. Kd2 Kc6 30. Rb3 Rxb3 31. axb3 Kb5 32. Kd3 a4
33. Kc2 a3 34. f4 h5 35. h3 f6 36. g4 hxg4 37. hxg4 fxe5 38. fxe5 Kc6 39. g5 Kb5
40. Kb1 Kc6 41. Kc2 Kb5 42. Kb1 Kc6 43. Kc2 Kb5 44. Kb1 {Game drawn by
repetition} 1/2-1/2

[Event "Team 45 45 League T67"]
[Site "Internet Chess Club"]
[Date "2016.01.14"]
[Round "6"]
[White "idjit"]
[Black "FrankNautilus"]
[Result "1-0"]
[WhiteElo "1597"]
[BlackElo "1638"]
[Opening "French: Rubinstein variation"]
[ECO "C10"]
[Time "16:37:08"]
[TimeControl "2700+45"]

1. e4 e6 2. d4 d5 3. Nc3 dxe4 4. Nxe4 Nd7 5. Nf3 Ngf6 6. Bd3 c5 7. O-O Nxe4 8.
Bxe4 Nf6 9. Bg5 cxd4 10. Nxd4 Be7 11. Bf3 O-O 12. c3 e5 13. Ne2 Be6 14. Qc2 Qc7
15. Ng3 Rad8 16. Rad1 b6 17. Ne4 Nxe4 18. Bxe7 Qxe7 19. Bxe4 f5 20. Rxd8 Qxd8
21. Rd1 Qe7 22. Bd5 Bxd5 23. Rxd5 Rd8 24. Qd2 Rxd5 25. Qxd5+ Kf8 26. f4 exf4 27.
Qxf5+ Qf7 28. Qxf7+ Kxf7 29. Kf2 g5 30. Kf3 Kf6 31. h4 h6 32. hxg5+ hxg5 33. Kg4
a6 34. c4 {Black resigns} 1-0

[Event "Team 45 45 League T67"]
[Site "Internet Chess Club"]
[Date "2016.01.15"]
[Round "6"]
[White "QuieroAprender"]
[Black "bayoumicardio10"]
[Result "1/2-1/2"]
[WhiteElo "1648"]
[BlackElo "1720"]
[Opening "King's pawn opening"]
[ECO "B07"]
[Time "14:06:39"]
[TimeControl "2700+45"]

1. e4 d6 2. Bc4 Nf6 3. Nc3 g6 4. h3 Bg7 5. Nf3 O-O 6. O-O Nxe4 7. Nxe4 d5 8. Bb3
dxe4 9. Ng5 Nc6 10. Nxe4 Nd4 11. Bc4 Bf5 12. f3 Nxf3+ 13. Qxf3 Qd4+ 14. Kh1 Qxc4
15. d3 Bxe4 16. Qxe4 Qxe4 17. dxe4 h6 18. Be3 b6 19. c3 Rad8 20. Rae1 c5 21. Rd1
c4 22. Kg1 Rd3 23. Kf2 Rfd8 24. Ke2 Rxd1 25. Rxd1 Rxd1 26. Kxd1 f5 27. exf5 gxf5
28. g4 e6 29. gxf5 exf5 30. Kd2 Kh7 31. b3 cxb3 32. axb3 Be5 33. Bd4 Bg3 34. Ke3
Kg6 35. c4 Kg5 36. b4 Kh4 37. Kf3 Kxh3 38. c5 bxc5 39. bxc5 Bc7 40. Be3 h5 41.
Bf4 Bd8 42. c6 Kh4 43. Bd6 Kh3 44. c7 Bxc7 45. Bxc7 a6 46. Kf4 Kg2 47. Kxf5 h4
48. Ke4 h3 49. Kd3 Kf3 50. Kc4 Ke4 51. Kb4 Kd5 52. Ka5 Kc6 53. Bh2 Kb7 54. Bg1
Kc6 55. Kxa6 Kd5 56. Bh2 Ke4 57. Kb5 Kf3 58. Kc4 Kg2 59. Bd6 h2 60. Bxh2 {Game
drawn because neither player has mating material} 1/2-1/2

[Event "Team 45 45 League T67"]
[Site "Internet Chess Club"]
[Date "2016.01.17"]
[Round "6"]
[White "Megasus"]
[Black "Andressa"]
[Result "1-0"]
[WhiteElo "1431"]
[BlackElo "1396"]
[Opening "Queen's pawn game, Darooha variation "]
[ECO "D02"]
[Time "19:02:08"]
[TimeControl "2700+45"]

1. Nf3 d5 2. d4 Nf6 3. h3 Nc6 4. e3 e6 5. a3 Bd6 6. b3 a6 7. c4 dxc4 8. bxc4 b6
9. Bb2 O-O 10. Qc2 Bb7 11. Nbd2 h6 12. Bd3 Re8 13. O-O Na7 14. e4 Bf4 15. g3
Bxd2 16. Nxd2 Nd7 17. e5 Nf8 18. Rfe1 c5 19. Ne4 Bxe4 20. Bxe4 Rc8 21. d5 exd5
22. cxd5 Nb5 23. Rad1 Nd4 24. Bxd4 cxd4 25. Qd3 Nd7 26. Bh7+ Kh8 27. e6 fxe6 28.
dxe6 Nf6 29. Bg6 Re7 30. Qxd4 Qc7 31. Qd6 Qc5 32. Qxc5 bxc5 33. Re3 c4 34. Rc3
Rxe6 35. Bf5 Ne4 36. Re3 Rce8 37. Bxe6 Rxe6 38. Rc1 Rc6 39. Rxe4 {Black resigns}
1-0

[Event "Team 45 45 League T67"]
[Site "Internet Chess Club"]
[Date "2016.01.17"]
[Round "6"]
[White "justice02"]
[Black "isolani"]
[Result "1-0"]
[WhiteElo "1624"]
[BlackElo "1418"]
[Opening "English opening"]
[ECO "A05"]
[Time "16:00:29"]
[TimeControl "2700+45"]

1. Nf3 Nf6 2. c4 e6 3. g3 b6 4. Bg2 Bb7 5. O-O d5 6. d3 Be7 7. Nc3 O-O 8. Bf4
Nh5 9. Bd2 Nd7 10. cxd5 exd5 11. Rc1 c5 12. e3 Nhf6 13. d4 Ne4 14. Qa4 a6 15. a3
b5 16. Qd1 Rc8 17. dxc5 Ndxc5 18. Bh3 f5 19. Nd4 Qd7 20. Be1 Ng5 21. Bg2 Rcd8
22. b4 Nce4 23. Qb3 Kh8 24. h4 Nf7 25. Nce2 Ne5 26. Nf4 Rf6 27. f3 Nd6 28. Nxd5
Bxd5 29. Qxd5 Nd3 30. Rc6 Nxe1 31. Rxe1 Nc4 32. Qxd7 Rxd7 33. Rxf6 Bxf6 34. Nxf5
g6 35. Nh6 Nxe3 36. Rxe3 Bd4 37. Kf2 Re7 38. Ng4 h5 39. Ke2 Bxe3 40. Nxe3 Kg7
41. f4 Rc7 42. Kd2 Rd7+ 43. Nd5 Kf7 44. Kd3 Ke6 45. Bh3+ {Black resigns} 1-0

[Event "Team 45 45 League T67"]
[Site "Internet Chess Club"]
[Date "2016.01.16"]
[Round "6"]
[White "HorseRadish"]
[Black "zepled37"]
[Result "1/2-1/2"]
[WhiteElo "1500"]
[BlackElo "1732"]
[Opening "Sicilian: Smith-Morra gambit"]
[ECO "B21"]
[Time "08:10:28"]
[TimeControl "2700+45"]

1. e4 c5 2. d4 cxd4 3. c3 d3 4. Bxd3 Nc6 5. Nf3 d6 6. O-O g6 7. c4 Bg7 8. h3 Nf6
9. Nc3 O-O 10. Be3 Nd7 11. Rc1 Nde5 12. Nxe5 Nxe5 13. Be2 b6 14. Qd2 Bb7 15. Bh6
Rc8 16. Bxg7 Kxg7 17. b3 Nd7 18. Bd3 Nc5 19. Bb1 Qd7 20. Qe3 Bc6 21. Nd5 Rfe8
22. Rce1 Kg8 23. Qc3 Qb7 24. f3 Nd7 25. Rf2 Bxd5 26. exd5 Qxd5 27. Be4 Qc5 28.
a4 Nf6 29. Bb7 Rc7 30. Ba6 d5 31. Bb5 Rd8 32. Rd1 a5 33. Qe1 Rd6 34. Kh1 Rc8 35.
Qxe7 Re6 36. Qxc5 Rxc5 37. cxd5 Rd6 38. Bc4 Nd7 39. f4 Nf6 40. Re2 Kf8 41. g4
Rc8 42. Rde1 Rcd8 43. Rd1 Re8 44. Rxe8+ Kxe8 45. Kg2 Ke7 46. Kf3 Rd8 47. h4 Kd6
{Game drawn by mutual agreement} 1/2-1/2

[Event "Team 45 45 League T67"]
[Site "Internet Chess Club"]
[Date "2016.01.17"]
[Round "6"]
[White "Grenadier"]
[Black "rookfish"]
[Result "1-0"]
[WhiteElo "1613"]
[BlackElo "1312"]
[Opening "Vienna game, Max Lange defense"]
[ECO "C25"]
[Time "10:04:21"]
[TimeControl "2700+45"]

1. e4 e5 2. Nc3 Nc6 3. Bc4 Bc5 4. d3 d6 5. Qe2 Bd7 6. Be3 Bb4 7. Nf3 Qe7 8. O-O
O-O-O 9. Nd5 Qe8 10. Nxb4 Nxb4 11. Ng5 Be6 12. Nxe6 fxe6 13. a3 d5 14. Bb3 Nc6
15. Rad1 h5 16. Bg5 Nf6 17. h4 d4 18. f4 Rd7 19. fxe5 Ng4 20. Rf4 Ncxe5 21. Qd2
Ne3 22. Re1 N5g4 23. Rf3 c5 24. Ba4 Ne5 25. Bxd7+ Qxd7 26. Rfxe3 dxe3 27. Qxe3
Ng4 28. Qxc5+ Kb8 29. Rf1 Rc8 30. Rf8 Rxf8 31. Qxf8+ Kc7 32. Qc5+ Kb8 33. Bf4+
e5 34. Bxe5+ Nxe5 35. Qxe5+ Kc8 36. Qc5+ Kb8 37. e5 Qg4 38. Qd6+ Kc8 39. e6 Qd1+
40. Kh2 Qe1 {Black resigns} 1-0

[Event "Team 45 45 League T67"]
[Site "Internet Chess Club"]
[Date "2016.01.17"]
[Round "6"]
[White "oldbookseller"]
[Black "GoIrish"]
[Result "0-1"]
[WhiteElo "1025"]
[BlackElo "1532"]
[Opening "King's Indian: East Indian defense"]
[ECO "A48"]
[Time "14:00:14"]
[TimeControl "2700+45"]

1. d4 Nf6 2. Nf3 g6 3. e3 Bg7 4. Bd3 O-O 5. O-O d6 6. Nbd2 Nbd7 7. b3 Re8 8. Bb2
e5 9. Rb1 e4 10. Nxe4 Nxe4 11. Bc4 Nb6 12. Bd3 Bg4 13. Qe2 Bxf3 14. Qxf3 Nd2 15.
Qxb7 Nxb1 16. Rxb1 Qc8 17. Qf3 Rb8 18. c4 Nd7 19. c5 dxc5 20. Bc4 Rf8 21. Ba3
Nf6 22. dxc5 Qf5 23. Qc6 Qxb1+ 24. Bf1 Qxa2 25. Bb4 Rxb4 26. Qxc7 Rxb3 27. c6
Rb1 28. Qd6 Qa6 29. g3 Qxf1# {White checkmated} 0-1

[Event "Team 45 45 League T67"]
[Site "Internet Chess Club"]
[Date "2016.01.17"]
[Round "6"]
[White "Pomberito"]
[Black "searchforbobby1"]
[Result "1-0"]
[WhiteElo "2031"]
[BlackElo "1985"]
[Opening "Dutch: stonewall, Botwinnik variation"]
[ECO "A93"]
[Time "20:15:29"]
[TimeControl "2700+45"]

1. c4 f5 2. g3 Nf6 3. Bg2 e6 4. Nf3 Be7 5. O-O O-O 6. d4 d5 7. b3 c6 8. Nbd2 Qe8
9. Ne5 Nbd7 10. Ndf3 Qh5 11. a4 h6 12. a5 a6 13. Qc2 Bd6 14. Ba3 Bxa3 15. Rxa3
Ng4 16. Nxg4 fxg4 17. Nh4 Rf6 18. f3 Nf8 19. b4 Bd7 20. e4 e5 21. fxg4 Rxf1+ 22.
Kxf1 Bxg4 23. exd5 exd4 24. dxc6 bxc6 25. Bxc6 Rd8 26. Bd5+ Kh8 27. Kg1 Re8 28.
Ra1 Re2 29. Qd3 Qe5 30. Rf1 Re1 31. Rxe1 Qxe1+ 32. Qf1 Qe3+ 33. Qf2 Qc1+ 34. Kg2
Nd7 35. Ng6+ Kh7 36. h3 Bd1 37. Nf8+ Nxf8 38. Qxf8 Qd2+ 39. Qf2 Qxb4 40. Qf5+
Kh8 41. Qc8+ Kh7 42. Bg8+ Kg6 43. Qe6+ Kg5 44. h4+ {Black resigns} 1-0